 Dungeon Crawl Stone Soup version 0.27.0-1-g7a089689b8 (webtiles) character file.

Game seed: 460016499217946305

310026 EnegeticOcto the Slayer (level 20, -4/198 HPs)
             Began as a Minotaur Fighter on Aug 5, 2021.
             Was a High Priest of Okawaru.
             Killed from afar by a golden dragon (15 damage)
             ... with a bolt of cold
             ... on level 3 of the Realm of Zot.
             The game lasted 00:25:06 (26278 turns).

EnegeticOcto the Slayer (Minotaur Fighter)         Turns: 26278, Time: 00:25:07

Health: -4/198     AC: 36    Str: 30    XL:     20   Next: 0%
Magic:  18/19      EV: 16    Int:  8    God:    Okawaru [*****.]
Gold:   415        SH: 21    Dex: 13    Spells: 19/19 levels left

rFire    + . .     SeeInvis .   g - +8 war axe (distort)
rCold    + . .     Faith    .   c - +4 kite shield
rNeg     . . .     Spirit   .   P - +4 plate armour of the Yeti {rElec rC+ rCorr Int+3}
rPois    +         Reflect  .   W - +2 hat {Will+}
rElec    +         Harm     .   G - +2 cloak of Dogmatism {*Corrode rPois Dex+3}
rCorr    +         Rampage  .   O - +2 pair of gloves
Will     +++..                  V - +0 pair of boots of Okawaru's Generosity {rC+}
Stlth    ..........             y - amulet of regeneration
HPRegen  1.43/turn              n - ring of fire
MPRegen  0.16/turn              I - ring of willpower

@: heroic, hasted, very quick
A: horns 2, retaliatory headbutt, low mp 2
}: 3/15 runes: serpentine, barnacled, abyssal
a: Renounce Religion, Heroism, Finesse


You were on level 3 of the Realm of Zot.
You worshipped Okawaru.
Okawaru was extremely pleased with you.
You visited 8 branches of the dungeon, and saw 38 of its levels.
You visited the Abyss 1 time.

You collected 2662 gold pieces.
You spent 2247 gold pieces at shops.

Inventory:

Hand Weapons
 a - a +4 broad axe of protection
 g - a +8 war axe of distortion (weapon)
Missiles
 S - 6 throwing nets (quivered)
Armour
 c - a +4 kite shield (worn)
 B - a +2 cloak
 C - a +2 pair of boots
 G - the +2 cloak of Dogmatism (worn) {*Corrode rPois Dex+3}
   (You found it on level 12 of the Dungeon)

   Dex:       It affects your dexterity (+3).
   rPois:     It protects you from poison.
   *Corrode:  It may corrode you when you take damage.
 O - a +2 pair of gloves (worn)
 P - the +4 plate armour of the Yeti (worn) {rElec rC+ rCorr Int+3}
   (You bought it in a shop on level 14 of the Dungeon)

   Int:       It affects your intelligence (+3).
   rC:        It protects you from cold.
   rElec:     It insulates you from electricity.
   rCorr:     It protects you from acid and corrosion.
 V - the +0 pair of boots of Okawaru's Generosity (worn) {rC+}
   (Okawaru gifted it to you on level 1 of the Orcish Mines)

   rC:        It protects you from cold.
 W - a +2 hat of willpower (worn)
Jewellery
 m - a +4 ring of slaying
 n - a ring of fire (left hand)
 o - a +4 ring of evasion
 p - a ring of resist corrosion
 y - an amulet of regeneration (around neck)
 I - a ring of willpower (right hand)
 Q - an amulet of the acrobat
Wands
 j - a wand of digging (3) {@v3}
 u - a wand of polymorph (7)
 F - a wand of charming (23)
 K - a wand of paralysis (9)
 R - a wand of iceblast (14) {@v2}
Scrolls
 b - 16 scrolls of identify {@r1}
 e - a scroll of fog
 l - 9 scrolls of fear
 w - 19 scrolls of teleportation {@r3}
 x - a scroll of brand weapon
 z - 6 scrolls of immolation
 A - a scroll of magic mapping {@r5}
 H - 2 scrolls of vulnerability
 J - a scroll of holy word
 M - 5 scrolls of blinking {@r4}
Potions
 d - 4 potions of might {@q3}
 f - 4 potions of flight
 h - 3 potions of attraction
 i - 6 potions of haste {@q4}
 k - 3 potions of mutation
 q - 12 potions of curing {@q1}
 r - a potion of cancellation
 s - 5 potions of berserk rage
 t - 3 potions of magic
 D - a potion of invisibility
 L - a potion of ambrosia
Miscellaneous
 U - a phantom mirror


   Skills:
 * Level 21.0(26.0) Fighting
 - Level 18.1(23.1) Axes
 + Level 18.6(23.6) Armour
 + Level 13.5(18.5) Dodging
 - Level 15.0(20.0) Shields
 - Level 8.0 Invocations
 + Level 11.6 Evocations


You had 19 spell levels left.
You didn't know any spells.
Your spell library was empty.

Dungeon Overview and Level Annotations

Branches:
Dungeon (15/15)            Temple (1/1) D:4            Lair (4/6) D:9
 Shoals (4/4) Lair:2        Snake (4/4) Lair:3          Orc (2/2) D:9
    Elf (0/3) Orc:2        Vaults (0/5) D:13         Depths (5/5) D:15
    Zot (3/5) Depths:5

Altars:
Ashenzari
Cheibriados
Dithmenos
Elyvilon
Fedhas
Gozag
Hepliaklqana
Kikubaaqudgha
Makhleb
Nemelex Xobeh
Okawaru
Qazlal
Ru
Sif Muna
Trog
Uskayaw
Vehumet
Wu Jian
Xom
Yredelemnul
Zin
The Shining One
Lugonu

Shops:
D:4 *   D:6 (   D:11 *?!?   D:14 ?[(*   D:15 *   Orc:2 *:::   Shoals:4 (

Portals:
Hell: Depths:4
Abyss: Depths:1
Pandemonium: Depths:2

Annotations:
D:12 2 transporters, Setanta's ghost, journeyman GnFi
Lair:1 2 transporters, skAll's ghost, journeyman HuAr
Lair:4 exclusion: 4 oklob plants
Depths:2 1 exclusion
Abyss:1 Duvessa; Grinder; Ilsuiw


Innate Abilities, Weirdness & Mutations

You have a pair of horns on your head.
You reflexively headbutt those who attack you in melee.
Your magical capacity is very low. (-20% MP)


Message History

Okawaru accepts your kill.
You closely miss the orb of fire. You hit something.
Space bends around something.
The black draconian rages.
You hit the orb of fire but do no damage.
Space warps horribly around the orb of fire!
The orb of fire is lightly damaged.
You slice the black draconian!!
Space bends around the black draconian.
You hit something but do no damage. You barely miss the black draconian.
You headbutt the black draconian, but do no damage.
The black draconian is moderately wounded.
You hit the orb of fire. You block the black draconian's attack.
You slice the black draconian!!
Space bends around the black draconian.
Your headbutt misses the black draconian.
The black draconian is heavily wounded.
You hit the orb of fire but do no damage.
A black draconian comes into view. It is wielding a +0 long sword.
You slash the black draconian!
Space bends around the black draconian.
You headbutt the black draconian!
The black draconian is severely wounded.
You hit the orb of fire but do no damage.
The black draconian barely misses you.
You closely miss the black draconian.
The black draconian is severely wounded.
You hit the orb of fire but do no damage.
Space warps horribly around the orb of fire.
You hit the orb of fire but do no damage.
The orb of fire is lightly damaged.
You slice the black draconian!!
The black draconian blinks!
The orb of fire blinks!
The orb of fire glows yellow.
Strange energies course through your body.
You feel less energetic.
The black draconian rages.
Things that are here:
a +0 war axe; a red draconian corpse You see here a moth of wrath corpse.
You feel like a meek peon again.
You see here a moth of wrath corpse.
Things that are here:
a +2 vorpal hand axe; a green draconian corpse
Things that are here:
a +0 flail; a black draconian corpse You gain the combat prowess of a mighty hero.
You hear a roar!
You closely miss the shadow dragon.
The shadow dragon is heavily wounded.
You slice the shadow dragon!!
The shadow dragon is devoured by a tear in reality.
You slice the black draconian!!
You kill the black draconian!
Okawaru accepts your kill.
You start resting.
An orb of fire is nearby!
As you read the scroll of fog, it crumbles to dust.
The scroll dissolves into smoke.
Unknown command.
Okay, then.
You feel better.
Unknown command.
You hit the orb of fire but do no damage.
Space warps horribly around the orb of fire!!
You headbutt the orb of fire, but do no damage.
The orb of fire is lightly damaged.
Your hands slow down.
You slash the orb of fire!
Space bends around the orb of fire.
You headbutt the orb of fire, but do no damage.
The orb of fire is moderately damaged.
You slice the orb of fire!!
Space bends around the orb of fire.
The orb of fire is heavily damaged.
You slash the orb of fire! You headbutt the orb of fire!!
The orb of fire is severely damaged.
You miss the orb of fire. Your headbutt misses the orb of fire.
The orb of fire is severely damaged.
The orb of fire glows red.
The fireball explodes!
The fireball engulfs you!!! You resist.
* * * LOW HITPOINT WARNING * * *
The fireball engulfs the orb of fire.
The orb of fire completely resists.
You hear a roar!
You slice the orb of fire!!
Space bends around the orb of fire.
The orb of fire is almost destroyed.
The orb of fire glows yellow.
The bolt of fire misses you.
You hit the orb of fire.
Space warps horribly around the orb of fire!!
You destroy the orb of fire!
Okawaru is honoured by your kill.
You can now speed up your combat.
Okawaru will now gift you equipment as you gain piety.
Something appears at your feet!
You see here a +0 pair of boots of stealth.
Okawaru grants you armour!
Your life force feels restored.
Your base Fighting skill increases to level 21!
You have reached level 20!
You feel stronger.
You feel better. The golden dragon breathes cold at you.
The bolt of cold hits you! You resist.
You die...

.≈.#*#######,,,,##.##....##.#.#..
..≈§##≈≈#≈≈#,,,##..#....###...#.#
...≈§≈§≈≈§§##**#.......##.......#
...§≈...§§≈≈####.)#...##.....)...
..D§...§§§§≈≈##...#....#....#.#..
....§§§§§§.§≈≈###.##...#.#..#.#.#
...[§§.§§§†..§.D§D##.....###....#
.....§§§§..≈≈§###§§##....##...###
...≈..§§..§§§###@§§.##....#.#....
...d§.§.§≈≈§##§§§§§..##...####<##
(..≈≈§§≈≈≈§##))###§.###.....##[[.
..≈≈##§§#§§#..#.....#.##....#.)..
.≈.#*#######..#..##.#..##.....[..
.≈≈*,,,*,,#...#.##......##.....#.
.≈#*,*,*,.....#.#.......###...###
≈≈*,,*,*##..#.......#.###,#####,#
******,,,...###.....###,.,,*,,,,#


You could see a golden dragon (catching breath).

Vanquished Creatures
  An orb of fire (Zot:3)
  A curse toe (Zot:3)
  3 caustic shrikes (Depths:5)
  A golden dragon (Depths:4)
  the Enchantress (Depths:2)
  2 quicksilver dragons
  2 death cobs
  3 draconian monks (Zot:3)
  2 nagarajas (Snake:4)
  A fire giant (Depths:2)
  A draconian shifter (Zot:2)
  2 draconian knights (Zot:3)
  An orc warlord (Orc:1)
  2 draconian scorchers
  4 frost giants
  A draconian stormcaller (Zot:3)
  A deep elf elementalist (Depths:4)
  3 spriggan defenders (Depths:2)
  3 stone giants (Depths:2)
  An angel (Abyss:4)
  2 ophanim (Abyss:4)
  8 very ugly things (Depths:2)
  5 black draconians
  2 green draconians
  Azrael (D:12)
  3 white draconians
  3 purple draconians
  7 red draconians
  A yellow draconian (Zot:3)
  2 ettins
  A merfolk javelineer (Shoals:4)
  3 jiangshi (Depths:2)
  A deep elf high priest (Depths:5)
  3 fire dragons
  Harold (D:11)
  5 merfolk impalers
  5 boulder beetles
  6 naga warriors
  2 great orbs of eyes
  A rakshasa (Depths:1)
  3 spriggan air magi (Depths:2)
  8 ice dragons
  3 hydras
  4 merfolk avatars (Shoals:4)
  5 anacondas (Snake:1)
  7 two-headed ogres
  2 ogre magi
  A salamander tyrant (Snake:4)
  5 centaur warriors
  3 dancing weapons
  5 tengu warriors
  3 merfolk aquamancers (Shoals:4)
  Erica (D:10)
  6 deep troll shamans
  2 death yaks (Lair:3)
  2 deep troll earth magi (Depths:4)
  A vampire mage (Depths:2)
  3 orc high priests (Orc:2)
  3 shock serpents
  2 spriggan berserkers
  6 naga sharpshooters
  A deep elf knight (D:13)
  2 thrashing horrors (Abyss:4)
  Urug (Lair:4)
  Sonja (Lair:4)
  Nergalle (D:11)
  3 skeletal warriors
  2 iron trolls
  10 sea snakes
  A salamander mystic (Snake:4)
  5 deep trolls
  A spatial maelstrom (Abyss:4)
  A flayed ghost (Depths:2)
  Pikel (D:5)
  2 cherubim (Abyss:4)
  6 naga ritualists (Snake:1)
  A glowing orange brain (Depths:1)
  3 deep elf zephyrmancers
  A wizard (D:14)
  2 deep elf pyromancers
  10 harpies
  A necromancer (D:15)
  5 orc knights
  A harpy (shapeshifter) (D:15)
  5 mana vipers
  4 salamanders
  30 ugly things
  2 fauns (Shoals:3)
  9 cyclopes
  4 orc sorcerers
  4 moths of wrath
  A stone giant zombie (D:15)
  13 manticores
  3 elephants (Lair:2)
  31 black mambas
  4 merfolk sirens
  Maurice (D:13)
  8 naga magi
  3 water nymphs
  6 cane toads
  A torpor snail (Lair:3)
  4 large abominations (D:14)
  4 centaur skeletons (D:13)
  An efreet (Zot:2)
  3 tengu conjurers
  2 komodo dragons
  2 rime drakes
  A kobold demonologist (D:12)
  An ancient zyme (D:15)
  7 trolls
  4 meliai
  5 wind drakes
  22 merfolk
  4 snapping turtles (Shoals:4)
  3 hornets
  3 raiju (Abyss:4)
  9 slime creatures
  14 blink frogs
  A fire dragon zombie (D:15)
  7 small abominations (D:14)
  A meliai zombie (D:8)
  2 shadows (D:12)
  3 wyverns
  A spriggan zombie (D:15)
  2 wraiths
  12 yaks
  13 water elementals
  A centaur simulacrum (D:12)
  2 vampires
  4 spriggans
  22 fire elementals
  A steam dragon (D:8)
  A basilisk (Lair:2)
  A chaos spawn (Abyss:4)
  4 vampire mosquitoes (D:12)
  4 wargs
  A spatial vortex (Abyss:4)
  5 water moccasins
  2 acid dragons
  32 nagas
  A floating eye (shapeshifter) (D:10)
  6 hell hounds (D:12)
  19 orc warriors
  2 ice beasts
  A sky beast (D:6)
  3 black bears
  15 ogres
  17 centaurs
  2 lemures (D:5)
  Blork the orc (D:6)
  8 bullfrogs
  A kobold brigand (D:13)
  A gnoll sergeant (D:7)
  A wyvern skeleton (D:7)
  Dowan (D:6)
  A water moccasin skeleton (D:4)
  4 killer bees (D:10)
  13 howler monkeys
  2 electric eels (D:12)
  A crimson imp (Orc:1)
  A bullfrog zombie (D:5)
  2 starcursed masses
  A centaur zombie (D:9)
  3 hounds
  23 orc priests
  A gnoll shaman (D:4)
  An iron imp (Orc:1)
  4 iguanas
  24 orc wizards
  A killer bee zombie (D:8)
  2 hound skeletons (D:4)
  Robin (D:2)
  8 gnolls
  6 adders
  4 shadow imps
  3 white imps
  2 dart slugs
  63 orcs
  5 endoplasms
  3 giant cockroaches
  7 hobgoblins
  6 jackals
  3 quokkas
  5 ball pythons
  2 bats
  4 frilled lizards
  15 goblins
  7 kobolds
  6 rats
  2 bushes (D:9)
890 creatures vanquished.

Vanquished Creatures (others)
  A red draconian (Zot:2)
  A centaur warrior (D:13)
  A moth of wrath (Zot:3)
  An orc wizard (D:12)
  8 fungi
  24 plants
  4 withered plants (D:15)
40 creatures vanquished.

Grand Total: 930 creatures vanquished

Notes
Turn   | Place    | Note
-------+----------+-------------------------------------------
     0 | D:1      | EnegeticOcto the Minotaur Fighter began the quest for the
                  | Orb.
     0 | D:1      | Reached XP level 1. HP: 19/19 MP: 0/0
   314 | D:1      | Reached XP level 2. HP: 20/27 MP: 1/1
  1043 | D:2      | Reached skill level 4 in Fighting
  1043 | D:2      | Reached XP level 3. HP: 33/33 MP: 2/2
  1184 | D:2      | Noticed Robin
  1202 | D:2      | Killed Robin
  1551 | D:2      | Found a broken altar of Ashenzari.
  1733 | D:2      | Reached XP level 4. HP: 40/40 MP: 3/3
  2366 | D:3      | Found a shadowy altar of Dithmenos.
  2604 | D:4      | Reached XP level 5. HP: 34/47 MP: 4/4
  2780 | D:4      | Found a staircase to the Ecumenical Temple.
  2789 | Temple   | Entered the Ecumenical Temple
  2818 | Temple   | Became a worshipper of Warmaster Okawaru
  2857 | D:4      | Reached skill level 5 in Axes
  2858 | D:4      | Reached XP level 6. HP: 32/55 MP: 5/5
  2874 | D:4      | Reached skill level 1 in Invocations
  3033 | D:4      | Reached * piety under Okawaru
  3034 | D:4      | Reached skill level 5 in Armour
  3046 | D:4      | Found Dodosypp's General Store.
  3052 | D:4      | Bought a potion of berserk rage for 65 gold pieces
  3147 | D:4      | Reached skill level 5 in Fighting
  3316 | D:4      | Reached skill level 5 in Shields
  3615 | D:4      | Identified a scroll of acquirement
  3615 | D:4      | Acquired a +4 ring of slaying
  3653 | D:5      | Entered Level 5 of the Dungeon
  3655 | D:5      | Noticed an ice beast
  3660 | D:5      | Killed an ice beast
  3661 | D:5      | Reached XP level 7. HP: 61/61 MP: 7/7
  3676 | D:5      | Noticed Grinder
  3895 | D:5      | Noticed Pikel
  3897 | D:5      | Paralysed by Pikel for 4 turns
  3911 | D:5      | Killed Pikel
  3911 | D:5      | Reached ** piety under Okawaru
  3912 | D:5      | Reached skill level 6 in Fighting
  3912 | D:5      | Reached XP level 8. HP: 54/70 MP: 7/9
  4074 | D:5      | Paralysed by Grinder for 6 turns
  4082 | D:5      | Banished Grinder
  4560 | D:6      | Reached *** piety under Okawaru
  4670 | D:6      | Found Hyohypp's Antique Weapon Shoppe.
  4682 | D:6      | Bought a runed war axe for 162 gold pieces
  4702 | D:6      | Reached XP level 9. HP: 75/78 MP: 10/10
  4837 | D:6      | Noticed Dowan
  4838 | D:6      | Noticed Duvessa
  4843 | D:6      | Killed Dowan
  4846 | D:6      | Banished Duvessa
  4847 | D:6      | Reached skill level 7 in Fighting
  5029 | D:6      | Noticed Blork the orc
  5036 | D:6      | Killed Blork the orc
  5896 | D:7      | Found a hazy altar of Hepliaklqana.
  6164 | D:7      | Reached **** piety under Okawaru
  6192 | D:7      | Reached skill level 10 in Axes
  6678 | D:8      | Found a snail-covered altar of Cheibriados.
  6680 | D:8      | Reached skill level 5 in Invocations
  6865 | D:8      | Reached skill level 8 in Fighting
  6940 | D:8      | Reached XP level 10. HP: 88/88 MP: 12/12
  6950 | D:8      | Reached ***** piety under Okawaru
  7240 | D:9      | Found a stormy altar of Qazlal.
  7353 | D:9      | Found a staircase to the Lair.
  7392 | D:9      | Found a staircase to the Orcish Mines.
  7472 | D:9      | Found a blossoming altar of Fedhas.
  7509 | D:9      | Found a glowing golden altar of the Shining One.
  7663 | D:10     | Entered Level 10 of the Dungeon
  7681 | D:10     | Noticed Erica
  7692 | D:10     | Killed Erica
  8343 | D:10     | Reached skill level 9 in Fighting
  8587 | D:11     | Found Wakemiaf's Distillery.
  8619 | D:11     | Found Foinki's Magic Scroll Shop.
  8627 | D:11     | Bought a scroll of enchant armour for 90 gold pieces
  8627 | D:11     | Bought a scroll of magic mapping for 42 gold pieces
  8627 | D:11     | Bought a scroll of enchant weapon for 90 gold pieces
  8664 | D:11     | Found a shimmering altar of Xom.
  8667 | D:11     | Found a shimmering altar of Xom.
  8670 | D:11     | Found a shimmering altar of Xom.
  8765 | D:11     | Noticed Harold
  8777 | D:11     | Killed Harold
  8777 | D:11     | Received a gift from Okawaru
  8778 | D:11     | Reached XP level 11. HP: 79/97 MP: 14/14
  8882 | D:11     | Noticed a two-headed ogre
  8890 | D:11     | Killed a two-headed ogre
  8965 | D:11     | Found Xisurrets's General Store.
  8968 | D:11     | Bought a potion of invisibility for 128 gold pieces
  9011 | D:11     | Noticed a two-headed ogre
  9016 | D:11     | Killed a two-headed ogre
  9110 | D:11     | Found Ziqolufatsam's Magic Scroll Shop.
  9113 | D:11     | Noticed a boulder beetle
  9124 | D:11     | Killed a boulder beetle
  9146 | D:11     | Noticed Nergalle
  9156 | D:11     | Killed Nergalle
  9501 | D:12     | Noticed Azrael
  9512 | D:12     | Killed Azrael
  9513 | D:12     | Reached skill level 10 in Fighting
  9513 | D:12     | Reached skill level 10 in Armour
  9593 | D:12     | Reached skill level 10 in Shields
  9646 | D:12     | Noticed a boulder beetle
  9648 | D:12     | Noticed Setanta's ghost (journeyman GnFi)
  9651 | D:12     | Noticed a wizard
  9672 | D:12     | Received a gift from Okawaru
  9680 | D:12     | Noticed a two-headed ogre
  9694 | D:12     | Reached XP level 12. HP: 49/107 MP: 10/16
  9696 | D:12     | Noticed a two-headed ogre
  9704 | D:12     | Banished a two-headed ogre
  9711 | D:12     | Killed a two-headed ogre
  9755 | D:12     | Identified the +6 ring mail of Ittup {rC- Will+ Str+5}
                  | (Okawaru gifted it to you on level 12 of the Dungeon)
  9755 | D:12     | Received a gift from Okawaru
  9945 | D:12     | Found a transporter.
  9947 | D:12     | Found a transporter.
 10031 | D:12     | Identified the +2 cloak of Dogmatism {*Corrode rPois Dex+3}
 10376 | D:13     | Noticed a boulder beetle
 10389 | D:13     | Killed a boulder beetle
 10458 | D:13     | Noticed a two-headed ogre
 10468 | D:13     | Killed a two-headed ogre
 10503 | D:13     | Reached skill level 11 in Fighting
 10585 | D:13     | Noticed a centaur warrior
 10591 | D:13     | Killed a centaur warrior
 10751 | D:13     | Noticed a centaur warrior
 10761 | D:13     | Killed a centaur warrior
 10852 | D:13     | Noticed Maurice
 10860 | D:13     | Killed Maurice
 10861 | D:13     | Reached skill level 15 in Axes
 11052 | D:13     | Noticed a six-headed hydra
 11054 | D:13     | Banished a seven-headed hydra
 11175 | D:13     | Noticed an ogre mage
 11178 | D:13     | HP: 2/110 [something/shard of ice (43)]
 11307 | D:13     | Reached XP level 13. HP: 116/116 MP: 11/18
 11359 | D:13     | Reached ****** piety under Okawaru
 11492 | D:13     | Found a gate to the Vaults.
 11796 | Lair:1   | Entered Level 1 of the Lair of Beasts
 11902 | Lair:1   | Received a gift from Okawaru
 12092 | Lair:1   | Reached skill level 12 in Fighting
 12132 | Lair:1   | Found a transporter.
 12318 | Lair:1   | Noticed skAll's ghost (journeyman HuAr)
 12320 | Lair:1   | Found a transporter.
 13079 | Lair:2   | Found a staircase to the Shoals.
 13744 | Lair:3   | Received a gift from Okawaru
 13955 | Lair:3   | Found a staircase to the Snake Pit.
 14568 | Lair:4   | Noticed Urug
 14581 | Lair:4   | Killed Urug
 14758 | Lair:4   | Noticed Sonja
 14764 | Lair:4   | Killed Sonja
 14765 | Lair:4   | Reached XP level 14. HP: 126/127 MP: 19/19
 15217 | D:14     | Found Tekopasu's Antique Armour Shop.
 15518 | Orc:1    | Entered Level 1 of the Orcish Mines
 15535 | Orc:1    | Identified the +0 pair of boots of Okawaru's Generosity
                  | {rC+} (Okawaru gifted it to you on level 1 of the Orcish
                  | Mines)
 15535 | Orc:1    | Received a gift from Okawaru
 15584 | Orc:1    | Noticed an orc warlord
 15604 | Orc:1    | Killed an orc warlord
 15605 | Orc:1    | Reached skill level 13 in Fighting
 16256 | D:14     | Bought a jewelled plate armour for 868 gold pieces
 16256 | D:14     | Identified the +4 plate armour of the Yeti {rElec rC+ rCorr
                  | Int+3} (You bought it in a shop on level 14 of the Dungeon)
 16354 | D:14     | Found Plog's Antique Weapon Boutique.
 16441 | D:14     | Reached skill level 1 in Dodging
 16459 | D:14     | Reached skill level 1 in Evocations
 16526 | D:14     | Found Qyismavo's Assorted Antiques.
 16726 | D:14     | Found Qouts's Magic Scroll Emporium.
 16767 | D:14     | Bought a scroll of magic mapping for 66 gold pieces
 16827 | D:15     | Entered Level 15 of the Dungeon
 17000 | D:15     | Found a staircase to the Depths.
 17057 | D:15     | Received a gift from Okawaru
 17214 | D:15     | Found an ancient bone altar of Kikubaaqudgha.
 17284 | D:15     | Reached XP level 15. HP: 137/137 MP: 20/20
 17303 | D:15     | Found Voch's General Store.
 17330 | D:15     | Bought a potion of heal wounds for 80 gold pieces
 17711 | D:15     | Found a hazy altar of Hepliaklqana.
 18242 | Shoals:1 | Entered Level 1 of the Shoals
 18326 | Snake:1  | Entered Level 1 of the Snake Pit
 18480 | Snake:1  | Reached skill level 14 in Fighting
 18489 | Snake:1  | Reached skill level 5 in Dodging
 18778 | Snake:1  | Received a gift from Okawaru
 18806 | Snake:1  | Reached skill level 5 in Evocations
 19942 | Snake:4  | Entered Level 4 of the Snake Pit
 20056 | Snake:4  | Noticed a nagaraja
 20070 | Snake:4  | Killed a nagaraja
 20071 | Snake:4  | Reached XP level 16. HP: 129/147 MP: 14/21
 20078 | Snake:4  | Identified the +8 chain mail "Wuedom" {Str+4 Slay+2}
                  | (Okawaru gifted it to you on level 4 of the Snake Pit)
 20078 | Snake:4  | Received a gift from Okawaru
 20261 | Snake:4  | Got a serpentine rune of Zot
 20505 | Shoals:2 | Reached skill level 15 in Armour
 20521 | Shoals:2 | Reached skill level 15 in Fighting
 20566 | Shoals:2 | Reached skill level 15 in Shields
 20938 | Shoals:3 | Noticed Ilsuiw
 20945 | Shoals:3 | Banished Ilsuiw
 20956 | Shoals:4 | Entered Level 4 of the Shoals
 21011 | Shoals:4 | Identified the +1 great mace of the Lurker {freeze, Fragile
                  | Int+3 Dex+5} (Okawaru gifted it to you on level 4 of the
                  | Shoals)
 21011 | Shoals:4 | Received a gift from Okawaru
 21408 | Shoals:4 | Reached skill level 16 in Fighting
 21435 | Shoals:4 | Received a gift from Okawaru
 21487 | Shoals:4 | Found Pasuguss's Weapon Shoppe.
 21500 | Shoals:4 | Reached XP level 17. HP: 155/158 MP: 19/22
 21850 | Shoals:4 | Got a barnacled rune of Zot
 22040 | Orc:2    | Entered Level 2 of the Orcish Mines
 22048 | Orc:2    | Found a staircase to the Elven Halls.
 22317 | Orc:2    | Reached skill level 10 in Dodging
 22345 | Orc:2    | Found Simit's Book Shoppe.
 22345 | Orc:2    | Found Uferel's General Store.
 22684 | Orc:2    | Found Uniogon's Book Shoppe.
 22684 | Orc:2    | Found Ychifug's Book Shop.
 22696 | Orc:2    | Bought a potion of haste for 120 gold pieces
 22850 | D:11     | Bought 2 scrolls of blinking for 180 gold pieces
 22850 | D:11     | Bought a scroll of teleportation for 36 gold pieces
 22850 | D:11     | Bought a scroll of fog for 24 gold pieces
 22850 | D:11     | Bought a scroll of fog for 24 gold pieces
 23004 | D:15     | Bought a scroll of magic mapping for 56 gold pieces
 23004 | D:15     | Bought a scroll of magic mapping for 56 gold pieces
 23004 | D:15     | Bought a potion of haste for 160 gold pieces
 23006 | D:15     | Cast into level 4 of the Abyss (unwielding a weapon of
                  | distortion)
 23024 | Abyss:4  | Noticed a juggernaut
 23031 | Abyss:4  | Got an abyssal rune of Zot
 23038 | Abyss:4  | Banished a juggernaut
 23047 | Abyss:4  | Found a glowing golden altar of the Shining One.
 23074 | Abyss:4  | Reached skill level 17 in Fighting
 23090 | Abyss:4  | Received a gift from Okawaru
 23156 | Abyss:4  | Paralysed by accursed screaming for 1 turns
 23164 | D:15     | Escaped the Abyss
 23496 | Depths:1 | Entered Level 1 of the Depths
 23732 | Depths:1 | Found a corrupted altar of Lugonu.
 23733 | Depths:1 | Found a one-way gate to the infinite horrors of the Abyss.
 23771 | Depths:1 | Received a gift from Okawaru
 23845 | Depths:2 | Found a one-way gate leading to the halls of Pandemonium.
 23999 | Depths:2 | Reached XP level 18. HP: 171/171 MP: 23/23
 24003 | Depths:2 | Reached skill level 18 in Fighting
 24096 | Depths:2 | Received a gift from Okawaru
 24416 | Depths:2 | Noticed the Enchantress
 24438 | Depths:2 | Killed the Enchantress
 24438 | Depths:2 | Received a gift from Okawaru
 24439 | Depths:2 | Reached skill level 10 in Evocations
 24618 | Depths:2 | Reached skill level 19 in Fighting
 24675 | Depths:4 | Found a gateway to Hell.
 24737 | Depths:4 | Noticed a golden dragon
 24745 | Depths:4 | Killed a golden dragon
 25275 | Depths:5 | Entered Level 5 of the Depths
 25304 | Depths:5 | Noticed a bone dragon
 25320 | Depths:5 | Banished a bone dragon
 25321 | Depths:5 | Reached XP level 19. HP: 179/183 MP: 18/24
 25335 | Depths:5 | Found a gate to the Realm of Zot.
 25336 | Depths:5 | Noticed a caustic shrike
 25342 | Depths:5 | Noticed a caustic shrike
 25343 | Depths:5 | Noticed a caustic shrike
 25349 | Depths:5 | Killed a caustic shrike
 25355 | Depths:5 | Killed a caustic shrike
 25367 | Depths:5 | Killed a caustic shrike
 25367 | Depths:5 | Identified the +2 ring mail "Wioqea" {Harm MP+9 Str+4}
                  | (Okawaru gifted it to you on level 5 of the Depths)
 25367 | Depths:5 | Received a gift from Okawaru
 25397 | Zot:1    | Entered Level 1 of the Realm of Zot
 25437 | Zot:1    | Identified the +1 scale mail of Isalie {rC+}
 25490 | Zot:1    | Reached skill level 20 in Fighting
 25713 | Zot:3    | Noticed a Killer Klown
 25734 | Zot:3    | Banished a Killer Klown
 26026 | Zot:3    | Noticed a curse toe
 26076 | Zot:3    | Killed a curse toe
 26217 | Zot:3    | Noticed an orb of fire
 26220 | Zot:3    | Gained mutation: Your magical capacity is low. (-10% MP)
                  | [an orb of fire]
 26235 | Zot:3    | Noticed a golden dragon
 26245 | Zot:3    | Gained mutation: Your magical capacity is very low. (-20%
                  | MP) [an orb of fire]
 26275 | Zot:3    | HP: 1/182 [orb of fire/fireball (43)]
 26277 | Zot:3    | Killed an orb of fire
 26277 | Zot:3    | Received a gift from Okawaru
 26278 | Zot:3    | Reached skill level 21 in Fighting
 26278 | Zot:3    | Reached XP level 20. HP: 2/198 MP: 18/19
 26278 | Zot:3    | Killed from afar by a golden dragon

Illustrated notes

Levels and vault maps discovered:
D:1:      minmay_arrival_diagonal_passages, layout_basic
D:2:      layout_loops_ring, basic_altar, uniq_robin
D:3:      layout_basic, mainiacjoe_overflow_24_doors, mrwooster_statue_mirror
D:4:      layout_loops_ring, minmay_temple_entry_gardened_gates, serial_shops,
          shop, serial_bayou_pond_e, minmay_surrounded
D:5:      layout_basic, kennysheep_generic_room_7, uniq_grinder, uniq_pikel
D:6:      layout_rooms, serial_shops, nicolae_shop_window_shopping,
          uniq_blork_the_orc, uniq_duvessa
D:7:      layout_loops_corners, old_standard_altar
D:8:      layout_rooms, cheibriados_altar_1
D:9:      layout_rooms, grunt_qazlal_sundering,
          mainiacjoe_overflow_catch_the_wave, lair_entry_dummy
D:10:     layout_cave_pods, uniq_erica
D:11:     layout_stronghold, serial_shops, nicolae_shop_statue_plus,
          kennysheep_mini, shop_fountains, nicolae_take_the_stairs,
          xom_redecorated, uniq_harold, uniq_nergalle
D:12:     layout_basic, nzn_ghost_randoct, minmay_joined_circles, uniq_azrael
D:13:     layout_loops_cross, hangedman_vaults_entry_quadrant_bands,
          hangedman_abyss_or_decor_stabs, blue_anna_alchemist, uniq_maurice
D:14:     layout_long_grid, serial_shops, nicolae_stop_n_shop_2,
          nicolae_diamond_shop, nicolae_shop_stone, shop,
          chequers_serial_rivers_large_a, laboratory
D:15:     gammafunk_depths_entry_grave, layout_layer_cave, serial_shops,
          nicolae_shop_trees, nicolae_hepliaklqana_hippocampus,
          chequers_serial_rivers_micro_e, hangedman_abyss_or_decor_lesser_grid,
          kiku_gazebo_garden_becter
Temple:   lightli_temple_of_artemis
Lair:1:   layout_cave_pods, gammafunk_ghost_arena, grunt_megastairs_3,
          lemuel_fruit_fields, serial_bayou_shore_a
Lair:2:   layout_cave_pods, elwin_shoals_entry_rocks
Lair:3:   layout_regular_city, dummy_snake_entry, fungi_pond_lemuel,
          minivault_19, grunt_megastairs_2, infiniplex_staircase_pool_2
Lair:4:   layout_misc_corridors, lemuel_fruit_tree, minmay_lair_oklob_chamber,
          uniq_sonja, uniq_urug
Shoals:1: layout_shoals, nicolae_shoals_so_close
Shoals:2: layout_shoals, nicolae_shoals_nymph_descending_staircase
Shoals:3: layout_shoals, nicolae_shoals_wave_tunnel, uniq_nikola, uniq_ilsuiw,
          uniq_jorgrun
Shoals:4: shoals_end_simple, layout_shoals, serial_shops, nicolae_shop_stone
Snake:1:  layout_honeycomb, grunt_megastairs_4
Snake:2:  layout_concentric_octagons, special_room, st_stairs_10
Snake:3:  layout_chambers, gammafunk_ghost_abyssal_escape, serial_shops, shop,
          nicolae_snake_gridmaze_big_u
Snake:4:  minmay_snake_end_coiled, layout_rooms, grunt_megastairs_1, uniq_aizul,
          uniq_louise
Orc:1:    layout_caves, hangedman_minor_magic
Orc:2:    grunt_orc_tribal_feast, layout_diamond_mine, nicolae_orc_damp_corner
Depths:1: layout_cave_pools, nicolae_benzene_ring, abyss_entry_flame_altar,
          hellmouth_1, serial_sigils_hangedman_shear, guppyfry_shop_venom
Depths:2: regret_index_qazlal_generations, layout_gridlike, enter_ziggurat_a,
          pf_coc_iceberg, pan_entry, minmay_misc_feat_columns,
          evilmike_spriggan_trog_shrine, uniq_enchantress
Depths:3: box_level_dp, serial_shops, hell_entry, pan_entry, abyss_entry
Depths:4: gammafunk_jiyva_shrine, layout_gridlike, hell_entry, abyss_entry,
          firewood_loft, minmay_shop_star, infiniplex_staircase_pool_1
Depths:5: evilmike_zot_entry_argh, layout_cave_pools, lightli_too_deep,
          abyss_entry, ebering_ghost_xom, serial_bayou_shore_b
Zot:1:    layout_gridlike
Zot:2:    lemuel_firehouse, layout_onion_interference,
          hangedman_zot_wheel_spokes
Zot:3:    grunt_zot_stairs_mandelzot, layout_twisted_circle

Skill      XL: |  1  2  3  4  5  6  7  8  9 10 11 12 13 14 15 16 17 18 19 |
---------------+----------------------------------------------------------+-----
Axes           | 3 4 5 6 7 8 10 12 13 15 16 18 | 18.1
Fighting       | 4 5 6 8 9 10 11 12 13 14 16 17 19 21 | 21.0
Armour         | 4 5 6 8 9 10 11 12 13 14 15 16 17 18 | 18.6
Shields        | 4 5 6 7 9 10 11 12 13 14 15 | 15.0
Invocations    | 1 3 5 6 7 8 |  8.0
Dodging        | 3 7 9 11 12 13 | 13.5
Evocations     | 3 5 7 9 10 11 | 11.6

Action                   |  1- 3 |  4- 6 |  7- 9 | 10-12 | 13-15 | 16-18 | 19-21 || total
-------------------------+-------+-------+-------+-------+-------+-------+-------++-------
Melee: War axe           |    75 |   103 |   141 |   294 |   696 |  1047 |   299 ||  2655
       Headbutt          |     9 |    12 |    18 |    76 |   162 |   258 |    90 ||   625
Invok: Heroism           |       |       |       |     8 |    11 |    28 |    12 ||    59
       Finesse           |       |       |       |     5 |     5 |    20 |     6 ||    36
Evoke: Wand              |       |       |       |     1 |     4 |     2 |     1 ||     8
       Phantom mirror    |       |       |       |       |       |     1 |       ||     1
  Use: Scroll            |       |    10 |    10 |    14 |     8 |     1 |     6 ||    49
       Potion            |       |       |       |       |     1 |     2 |     8 ||    11
 Stab: Paralysed         |       |       |       |       |     2 |       |       ||     2
Armor: Scale mail        |    24 |     5 |       |       |       |       |       ||    29
       Chain mail        |       |    40 |    56 |    17 |       |       |       ||   113
       Plate armour      |       |       |       |   139 |   299 |   314 |    65 ||   817
Dodge: Dodged            |    20 |    17 |    53 |    61 |   156 |   210 |    55 ||   572
Block: Kite shield       |    50 |    47 |    84 |   149 |   429 |   615 |   123 ||  1497
